 Dungeon Crawl Stone Soup version 0.29.0 (webtiles) character file.

Game seed: 273918351608630310

26621 Zeldest the Warrior (level 13, -9/152 HPs)
             Began as an Ogre Cinder Acolyte on Aug 25, 2022.
             Was a Priest of Ignis.
             Mangled by a blink frog (11 damage)
             ... on level 3 of the Lair of Beasts.
             The game lasted 00:28:43 (20819 turns).

Zeldest the Warrior (Ogre Cinder Acolyte)          Turns: 20819, Time: 00:28:43

Health: -9/152     AC: 12    Str: 25    XL:     13   Next: 27%
Magic:  14/14      EV:  7    Int: 17    God:    Ignis [***...]
Gold:   452        SH:  0    Dex:  4    Spells: 9/14 levels left

rFire   + + .      SeeInvis .   J - +2 giant spiked club (vorpal)
rCold   + + +      Faith    .   (shield currently unavailable)
rNeg    + . .      Spirit   .   a - +1 ice dragon scales
rPois   +          Reflect  .   h - -2 hat of the Alchemist {rElec rPois rF+ rC+ rN+ Will+ rMut rCorr}
rElec   +          Harm     .   e - +0 cloak of the Marlin {Int+2}
rCorr   +          Rampage  .   (gloves unavailable)
rMut    +                       (boots unavailable)
Will    +++..                   (no amulet)
Stlth   ..........              d - ring of willpower
HPRegen 0.35/turn               b - ring of protection from fire
MPRegen 0.14/turn

@: no status effects
A: large, unfitting armour, tough skin 1
a: Renounce Religion, Fiery Armour, Foxfire Swarm, Rising Flame


You were on level 3 of the Lair of Beasts.
You worshipped Ignis.
Ignis was most pleased with you.
You visited 3 branches of the dungeon, and saw 15 of its levels.

You collected 1256 gold pieces.
You spent 804 gold pieces at shops.

Inventory:

Hand Weapons
 J - a +2 vorpal giant spiked club (weapon)
Missiles
 n - 7 curare-tipped darts (quivered)
Armour
 a - +1 ice dragon scales (worn)
 e - the +0 cloak of the Marlin (worn) {Int+2}
   (You found it on level 6 of the Dungeon)

   Int:       It affects your intelligence (+2).
 h - the -2 hat of the Alchemist (worn) {rElec rPois rF+ rC+ rN+ Will+ rMut rCorr}
   (You acquired it on level 9 of the Dungeon)

   rF:        It protects you from fire.
   rC:        It protects you from cold.
   rElec:     It insulates you from electricity.
   rPois:     It protects you from poison.
   rN:        It protects you from negative energy.
   rCorr:     It protects you from acid and corrosion.
   rMut:      It protects you from mutation.
   Will:      It increases your willpower.
Jewellery
 b - a ring of protection from fire (right hand)
 d - a ring of willpower (left hand)
 r - a ring of fire
 L - a ring of willpower
Wands
 H - a wand of digging (1)
 N - a wand of flame (13)
Scrolls
 c - a scroll of noise
 f - a scroll of torment
 g - a scroll of fear
 j - 2 scrolls of teleportation
 m - a scroll of brand weapon
 p - a scroll of blinking
 q - a scroll of identify
 u - a scroll of silence
 y - 4 scrolls of immolation
 M - a scroll of amnesia
Potions
 i - a potion of might
 k - a potion of flight
 o - 2 potions of haste
 s - a potion of heal wounds
 t - 2 potions of mutation
 x - 3 potions of magic
 z - 6 potions of curing
 A - a potion of lignification
 C - a potion of cancellation
 D - 2 potions of resistance
 G - 3 potions of attraction


   Skills:
 + Level 15.8 Fighting
 * Level 15.6 Maces & Flails
 + Level 4.7 Armour
 - Level 0.5 Dodging
 - Level 1.2 Spellcasting
 + Level 4.6 Translocations
 - Level 2.6 Fire Magic


You had 9 spell levels left.
You knew the following spells:

 Your Spells              Type           Power      Damage    Failure   Level
a - Manifold Assault      Tloc           16%        N/A       93%         5

Your spell library contained the following spells:

 Spells                   Type           Power      Damage    Failure   Level
 Blink                    Tloc           32%        N/A       13%         2
 Lesser Beckoning         Tloc           16%        N/A       26%         3
 Scorch                   Fire           20%        2d6       28%         2
 Magic Dart               Conj           4%         1d3       50%         1
 Call Imp                 Summ           1%         N/A       65%         2
 Conjure Flame            Conj/Fire      5%         6-21      69%         3
 Ignite Poison            Fire/Tmut/Pois 4%         N/A       75%         3
 Mephitic Cloud           Conj/Pois/Air  1%         N/A       86%         3
 Ozocubu's Armour         Ice            1%         N/A       86%         3
 Flame Wave               Conj/Fire      5%         2d5       97%         4
 Sticky Flame             Conj/Fire      5%         2d3       97%         4
 Corpse Rot               Necr/Pois/Air  1%         N/A       99%         4
 Dispel Undead            Necr           1%         3d6       99%         4
 Death Channel            Necr           0%         N/A       100%        6
 Summon Cactus Giant      Summ           0%         N/A       100%        6
 Ozocubu's Refrigeration  Ice            0%         4d7       100%        7


Dungeon Overview and Level Annotations

Branches:
Dungeon (11/15)            Temple (0/1) D:6            Lair (3/5) D:11
  Swamp (0/4) Lair:3       Spider (0/4) Lair:2          Orc (1/2) D:9

Altars:
Ashenzari
Elyvilon
Hepliaklqana
Xom
Yredelemnul

Shops:
D:2 *[!(   D:4 [

Annotations:
D:6 exclusions: 5 centaurs and 13 more exclusions
D:7 1 runed translucent door, Gurantaxtaxq's ghost, novice DECj


Innate Abilities, Weirdness & Mutations

You are too large for most types of armour.
You have tough skin. (AC +1)


Message History

The blink frog blinks!
The blink frog attacks as you move away!
The blink frog hits you but does no damage.
The blink frog barely misses you.
You hit the blink frog.
The blink frog is lightly wounded.
The blink frog hits you!
* * * LOW HITPOINT WARNING * * *
The blink frog blinks!
You miss the blink frog. The blink frog barely misses you.
You barely miss the blink frog. The blink frog hits you!
* * * LOW HITPOINT WARNING * * *
The blink frog barely misses you.
The blink frog hits you but does no damage.
You impale the blink frog!!
The blink frog is severely wounded.
The blink frog barely misses you.
The blink frog blinks! x2
The blink frog blinks!
The blink frog blinks!
The blink frog blinks!
You closely miss the blink frog.
The blink frog is lightly wounded.
The blink frog barely misses you.
You closely miss the blink frog.
The blink frog is lightly wounded.
The blink frog hits you!
* * * LOW HITPOINT WARNING * * *
The blink frog hits you.
* * * LOW HITPOINT WARNING * * *
You closely miss the blink frog.
The blink frog is lightly wounded.
The blink frog hits you.
* * * LOW HITPOINT WARNING * * *
The blink frog blinks!
You closely miss the blink frog.
The blink frog is lightly wounded.
The blink frog hits you!
* * * LOW HITPOINT WARNING * * *
The blink frog hits you!
You die...

.......... ....# #..........
....# #.......... ....#
#..........
....###################..........
.................................
.................................
...............F.................
................@................
.................................
.................................
.##P###..#..#.##.#...######..###.
#.### ########.####### #### ##
### ###


You could see a blink frog.

Vanquished Creatures
  Gastronok (D:8)
  Snorg (Lair:3)
  A hydra (Lair:1)
  A boulder beetle (D:11)
  A two-headed ogre (D:10)
  Erica (Orc:1)
  The ghost of turdburglar the Grappler, a novice TrGl of Wu Jian (D:6)
  An orc knight (Orc:1)
  4 elephants (Lair:2)
  A manticore (D:10)
  2 black mambas (Lair:3)
  6 cane toads
  An unseen horror (D:10)
  Maggie (D:8)
  A kobold demonologist (D:11)
  8 komodo dragons
  A spectral unseen horror (D:9)
  A rime drake (Lair:3)
  2 polar bears (Lair:1)
  2 trolls (D:9)
  A hornet (D:11)
  12 blink frogs
  Prince Ribbit (D:8)
  2 shadows (D:11)
  2 yaks (D:9)
  4 wraiths
  3 steam dragons
  Grum (D:8)
  4 basilisks
  4 vampire mosquitoes
  A warg (D:9)
  2 acid dragons
  8 water moccasins
  A spectral hornet (D:9)
  11 orc warriors
  2 sky beasts
  2 ice beasts
  3 ogres
  7 wolves
  4 centaurs (D:9)
  A phantom (D:5)
  7 kobold brigands
  A necrophage (D:4)
  10 bullfrogs
  A scorpion (D:7)
  13 wights (D:8)
  8 killer bees
  6 howler monkeys
  3 electric eels (Lair:2)
  4 lava snakes (Lair:2)
  4 hounds
  10 orc priests
  A jelly (D:6)
  Crazy Yiuf (D:2)
  A gnoll bouda (D:10)
  2 iguanas (D:7)
  12 orc wizards
  Natasha (thrice) (D:2)
  2 spectral howler monkeys (D:9)
  5 gnolls (D:10)
  10 adders
  A river rat (D:6)
  A shadow imp (D:7)
  2 white imps
  2 ufetubi (D:5)
  2 worms
  6 dart slugs
  50 orcs
  11 ball pythons
  A bat (D:1)
  9 endoplasms
  3 giant cockroaches
  10 goblins
  10 hobgoblins
  3 jackals (D:3)
  6 quokkas
  3 frilled lizards
  23 kobolds
  3 rats (D:2)
364 creatures vanquished.

Vanquished Creatures (others)
  8 fungi
  21 plants
  21 withered plants (D:9)
50 creatures vanquished.

Grand Total: 414 creatures vanquished

Notes
Turn   | Place    | Note
-------+----------+-------------------------------------------
     0 | D:1      | Zeldest the Ogre Cinder Acolyte began the quest for the
                  | Orb.
     0 | D:1      | Reached XP level 1. HP: 24/24 MP: 2/2
    68 | D:1      | Found a faded altar of an unknown god.
    74 | D:1      | Reached XP level 2. HP: 24/32 MP: 3/3
   646 | D:1      | Reached XP level 3. HP: 40/40 MP: 4/4
   817 | D:2      | Found Sihal's Distillery.
   985 | D:2      | Noticed Natasha
  1003 | D:2      | Killed Natasha
  1004 | D:2      | Reached XP level 4. HP: 11/49 MP: 5/5
  1277 | D:2      | Found Reyxzaq's Weapon Boutique.
  1333 | D:2      | Found Dooru's Armour Boutique.
  1481 | D:2      | Reached skill level 5 in Fighting
  1710 | D:2      | Noticed Natasha
  1721 | D:2      | Killed Natasha
  1772 | D:2      | Noticed Natasha
  1904 | D:2      | Killed Natasha
  1905 | D:2      | Reached XP level 5. HP: 42/57 MP: 6/6
  1988 | D:2      | Found Fepy's General Store.
  2361 | D:2      | Found a runed translucent door.
  2362 | D:2      | Noticed Crazy Yiuf
  2975 | D:3      | Reached skill level 5 in Maces & Flails
  2975 | D:3      | Reached XP level 6. HP: 13/67 MP: 7/7
  3512 | D:4      | Found Noudozaf's Armour Boutique.
  4318 | D:4      | Found a shimmering altar of Xom.
  4887 | D:2      | Killed Crazy Yiuf
  4888 | D:2      | Reached XP level 7. HP: 60/76 MP: 8/8
  5050 | D:5      | Entered Level 5 of the Dungeon
  5766 | D:5      | Found a white marble altar of Elyvilon.
  5862 | D:5      | Found a basalt altar of Yredelemnul.
  6146 | D:6      | Found a staircase to the Ecumenical Temple.
  6158 | D:6      | Reached XP level 8. HP: 46/88 MP: 9/9
  6510 | D:6      | Identified the +9 whip of Vucobrak {venom, rElec}
  6621 | D:7      | Found a runed translucent door.
  6621 | D:7      | Noticed Gurantaxtaxq's ghost (novice DECj)
  6812 | D:7      | Found a broken altar of Ashenzari.
  6828 | D:7      | Found a hazy altar of Hepliaklqana.
  7510 | D:6      | HP: 4/89 [centaur/arrow (5)]
  7895 | D:6      | Found a runed translucent door.
  7896 | D:6      | Noticed turdburglar's ghost (novice TrGl)
  7936 | D:6      | Killed turdburglar's ghost
  7937 | D:6      | Reached XP level 9. HP: 93/100 MP: 10/10
  7947 | D:6      | Found a runed translucent door.
  7949 | D:6      | Identified the +0 cloak of the Marlin {Int+2}
  8537 | D:8      | Reached skill level 10 in Fighting
  8881 | D:8      | Reached skill level 10 in Maces & Flails
  8960 | D:8      | HP: 4/88 [wight/+4 dagger of freezing (1)]
  9308 | D:8      | Noticed Grum
  9313 | D:8      | Noticed Prince Ribbit
  9316 | D:8      | Killed Grum
  9320 | D:8      | Killed Prince Ribbit
  9324 | D:8      | Reached XP level 10. HP: 75/113 MP: 11/11
  9330 | D:8      | Identified the +7 ring mail of the Moon Troll {Rampage
                  | Will+ Int+2 Dex+2}
 10100 | D:8      | Noticed Maggie
 10121 | D:8      | Killed Maggie
 10283 | D:8      | Noticed Gastronok
 10297 | D:8      | Killed Gastronok
 10567 | D:9      | Identified a scroll of acquirement
 10567 | D:9      | Acquired the -2 hat of the Alchemist {rElec rPois rF+ rC+
                  | rN+ Will+ rMut rCorr}
 10567 | D:9      | Found the -2 hat of the Alchemist {rElec rPois rF+ rC+ rN+
                  | Will+ rMut rCorr}
 10573 | D:9      | Reached XP level 11. HP: 42/126 MP: 12/12
 11144 | D:9      | Noticed a skeletal warrior
 11333 | D:10     | Entered Level 10 of the Dungeon
 12260 | D:9      | Found a staircase to the Orcish Mines.
 12384 | D:9      | Found the +4 dagger "Morg" {pain, Will+ Int+5}
 13321 | D:10     | Noticed a manticore
 13335 | D:10     | Killed a manticore
 13782 | D:10     | Noticed a two-headed ogre
 13902 | D:10     | Killed a two-headed ogre
 14517 | Orc:1    | Entered Level 1 of the Orcish Mines
 14542 | Orc:1    | Noticed Erica
 14551 | Orc:1    | Killed Erica
 14618 | Orc:1    | Noticed an orc knight
 14638 | Orc:1    | Reached skill level 1 in Armour
 14795 | Orc:1    | Killed an orc knight
 15563 | D:2      | Bought +1 ice dragon scales for 804 gold pieces
 15754 | D:11     | Reached XP level 12. HP: 140/140 MP: 13/13
 15788 | D:11     | Noticed a boulder beetle
 15990 | D:11     | Found a staircase to the Lair.
 16573 | D:11     | Killed a boulder beetle
 16574 | D:11     | Reached skill level 1 in Translocations
 16709 | Lair:1   | Entered Level 1 of the Lair of Beasts
 16724 | Lair:1   | Noticed a seven-headed hydra
 16737 | Lair:1   | Killed a seven-headed hydra
 17164 | Lair:1   | Reached skill level 15 in Fighting
 17745 | Lair:2   | Found a hole to the Spider Nest.
 17872 | Lair:2   | Reached skill level 15 in Maces & Flails
 19905 | Lair:3   | Reached XP level 13. HP: 132/150 MP: 14/14
 19918 | Lair:3   | Learned a level 5 spell: Manifold Assault
 20305 | Lair:3   | Found a staircase to the Swamp.
 20380 | Lair:3   | Noticed Snorg
 20389 | Lair:3   | Killed Snorg
 20819 | Lair:3   | HP: 2/152 [blink frog (9)]
 20819 | Lair:3   | Mangled by a blink frog

Illustrated notes

Levels and vault maps discovered:
D:1:      lemuel_arrival_broad_hall, layout_basic,
          hellmonk_ecumenical_altar_zigzags, corexii_leaking_fountain
D:2:      layout_basic, serial_shops, shop, nicolae_square_shop, shop, shop,
          minmay_tiny_reverse_x, uniq_natasha, uniq_crazy_yiuf_cottage
D:3:      layout_basic
D:4:      layout_loops_cross, mainiacjoe_overflow_six_doors_small, serial_shops,
          nicolae_stop_n_shop_2, minivault_11, chequers_serial_rivers_micro_c
D:5:      layout_loops_ring, mainiacjoe_overflow_boulevard,
          mainiacjoe_overflow_alcove_1
D:6:      layout_rooms, temple_fountains, ebering_ghost_sewer_f, centaur_isle
D:7:      layout_basic, lemuel_tele_altar, ashenzari_altar_1,
          hellmonk_ghost_happy_afterlife, roderic_lattice_a
D:8:      corexii_shack_village, layout_basic, serial_glass, glass_columns_a,
          glass_columns_a, glass_columns_a, glass_columns_a, uniq_grum,
          uniq_gastronok, uniq_maggie, uniq_prince_ribbit1
D:9:      minmay_four_partial_circles, layout_basic, david_orc_3,
          dilly_guarded_unrand_morg
D:10:     hellmonk_crumbling_castle, layout_long_grid, st_stairs_3
D:11:     layout_cave_pools, lair_entry_dummy
Lair:1:   layout_chaotic_city, infiniplex_staircase_pool_2, lemuel_fruit_tree,
          grunt_megastairs_5, lemuel_fruit_fields
Lair:2:   layout_regular_city, spider_nest_entry_web_field, serial_forest,
          infiniplex_forest_lined_3, infiniplex_forest_fountain,
          infiniplex_forest_3_way, infiniplex_forest_fountain,
          infiniplex_forest_lined_2, infiniplex_forest_lined_2,
          nicolae_lair_liquid_snakes
Lair:3:   nzn_winding_woodlands_medium [nzn_winding_woodlands_5x5_checkerboard,
          nzn_winding_woodlands_5x15_garden,
          nzn_winding_woodlands_5x5_open_star,
          nzn_winding_woodlands_5x5_perimeter,
          nzn_winding_woodlands_center_pierced_h,
          nzn_winding_woodlands_5x5_cross, nzn_winding_woodlands_5x5_three,
          nzn_winding_woodlands_5x15_pockets,
          nzn_winding_woodlands_5x5_default], layout_regular_city,
          minmay_swamp_entry_swarm, lemuel_fruit_fields, grunt_megastairs_3,
          uniq_snorg
Orc:1:    layout_diamond_mine, uniq_erica

Skill      XL: |  1  2  3  4  5  6  7  8  9 10 11 12 |
---------------+-------------------------------------+-----
Maces & Flails | 3 4 5 7 9 10 12 14 15 | 15.6
Fighting       | 5 6 7 9 11 12 14 15 | 15.8
Armour         | 1 4 |  4.7
Translocations | 4 |  4.6
Dodging        | |  0.5
Spellcasting   | |  1.2
Fire Magic     | |  2.6

Action                   |  1- 3 |  4- 6 |  7- 9 | 10-12 | 13-15 || total
-------------------------+-------+-------+-------+-------+-------++-------
Melee: Mace              |    89 |   212 |   166 |     3 |       ||   470
       Flail             |       |    18 |       |       |       ||    18
       Punch             |       |       |     3 |     4 |       ||     7
       Whip              |       |       |    69 |   302 |       ||   371
       Giant spiked club |       |       |       |   272 |    64 ||   336
Throw: Dart              |       |     5 |       |       |       ||     5
Invok: Fiery Armour      |       |     1 |     2 |     3 |     1 ||     7
Evoke: Wand              |       |       |       |     9 |       ||     9
  Use: Potion            |     3 |     1 |     1 |     4 |     2 ||    11
       Scroll            |       |       |     8 |    24 |     1 ||    33
 Stab: Paralysed         |       |       |       |     6 |       ||     6
Armor: Robe              |    47 |    69 |    52 |       |       ||   168
       Steam dragon scal |       |       |     6 |    90 |       ||    96
       Ice dragon scales |       |       |       |   118 |    27 ||   145
Dodge: Dodged            |    59 |    82 |    78 |   202 |    22 ||   443
